 Dungeon Crawl Stone Soup version 0.21-a0-633-g4c047d5 (webtiles) character file.

109 Alarkh the Slasher (level 4, 0/33 HPs)
             Began as a Demonspawn Skald on Dec 28, 2017.
             Slain by an adder (3 damage)
             ... on level 2 of the Dungeon.
             The game lasted 00:01:20 (1146 turns).

Alarkh the Slasher (Demonspawn Skald)               Turns: 1146, Time: 00:01:21

Health: 0/33       AC:  6    Str:  9    XL:     4   Next: 60%
Magic:  0/7        EV: 16    Int: 16    God:
Gold:   121        SH:  0    Dex: 17    Spells: 6/7 levels left

rFire    . . .     SeeInvis .   a - +0 falchion
rCold    . . .     Gourm    .   (no shield)
rNeg     . . .     Faith    .   f - +0 ring mail
rPois    .         Spirit   .   (helmet restricted)
rElec    .         Reflect  .   (no cloak)
rCorr    .         Harm     .   e - +0 pair of gloves
MR       .....                  (no boots)
Stlth    ++........             (no amulet)
HPRegen  0.11/turn              j - -2 ring of strength (curse)
MPRegen  0.10/turn              (no ring)

@: agile
A: antennae 1, powered by pain 1, sturdy frame 1
a: no special abilities


You were on level 2 of the Dungeon.
You were very hungry.

You visited 1 branch of the dungeon, and saw 2 of its levels.

You collected 121 gold pieces.

Inventory:

Hand Weapons
 a - a +0 falchion (weapon)
Armour
 b - a +0 leather armour
 e - a +0 pair of gloves (worn)
 f - a +0 ring mail (worn)
Jewellery
 j - a cursed -2 ring of strength (left hand)
Scrolls
 g - a scroll of identify {unknown}
Potions
 h - a potion of agility
Books
 c - a book of Battle

   Spells                             Type                      Level
   a - Infusion                       Charms                       1
   b - Shroud of Golubria             Charms/Translocation         2
   c - Song of Slaying                Charms                       2
   d - Spectral Weapon                Hexes/Charms                 3
   e - Regeneration                   Charms/Necromancy            3
Comestibles
 d - 4 rations


   Skills:
 - Level 2.0 Fighting
 + Level 4.4 Long Blades
 - Level 0.8 Armour
 - Level 1.7 Dodging
 - Level 2.0 Spellcasting
 - Level 2.6 Charms


You had 6 spell levels left.
You knew the following spells:

 Your Spells              Type           Power        Failure   Level  Hunger
a - Infusion              Chrm           ##..         12%         1    #......


Dungeon Overview and Level Annotations

Branches:
Dungeon (2/15)

Altars:


Innate Abilities, Weirdness & Mutations

You have a pair of small antennae on your head.
You sometimes gain a little power by taking damage.
Your movements are slightly less encumbered by armour. (ER -2)


Message History

You feel clever.
Your demonic ancestry asserts itself...
A pair of antennae grows on your head!
You barely miss the rat. The rat barely misses you.
You riposte.
You barely miss the rat. You hit the rat but do no damage.
The rat closely misses you.
You are feeling very hungry.
You barely miss the rat. The adder bites you.
* * * LOW HITPOINT WARNING * * *
The rat closely misses you. The adder bites you.
* * * LOW HITPOINT WARNING * * *
Your ring mail prevents you from hitting the rat.
The adder bites you.
* * * LOW HITPOINT WARNING * * *
The rat bites you.
* * * LOW HITPOINT WARNING * * *
You hit the rat.
You kill the rat!
You are no longer magically infusing your attacks.
The adder bites you.
You die...

#.# #.. # #.# #.#.#
.#.## ## ... .# #)# .#
### #@# .#...
######S#######.#.#
............#.....
#######)###.#.#.##.###
..........<.......
#...###.#...#..###
#.... #.#.........
#..## #.#..#...### #..
#.#..#...#


You could see an adder.

Vanquished Creatures
  An ogre (D:2)
  3 bats (D:1)
  3 giant cockroaches (D:1)
  4 goblins
  2 hobgoblins (D:1)
  A frilled lizard (D:1)
  2 kobolds (D:1)
  4 rats
20 creatures vanquished.

Notes
Turn   | Place    | Note
-------+----------+-------------------------------------------
     0 | D:1      | Alarkh the Demonspawn Skald began the quest for the Orb.
     0 | D:1      | Reached XP level 1. HP: 16/16 MP: 3/3
    62 | D:1      | Reached skill level 2 in Long Blades
   252 | D:1      | Gained mutation: Your movements are slightly less encumbered by armour. (ER -2) [demonic ancestry]
   252 | D:1      | Reached XP level 2. HP: 22/22 MP: 1/5
  1108 | D:2      | Reached skill level 3 in Long Blades
  1127 | D:2      | Noticed an ogre
  1141 | D:2      | Killed an ogre
  1141 | D:2      | Reached skill level 4 in Long Blades
  1141 | D:2      | Gained mutation: You sometimes gain a little power by taking damage. [demonic ancestry]
  1141 | D:2      | Reached XP level 3. HP: 9/27 MP: 0/6
  1141 | D:2      | Gained mutation: You have a pair of small antennae on your head. [demonic ancestry]
  1141 | D:2      | Reached XP level 4. HP: 11/33 MP: 0/7
  1146 | D:2      | Slain by an adder

Vault maps used:
D:1:      ncdulo_smallfort

Skill      XL: |  1  2 |
---------------+-------+-----
Long Blades    | 2 4 |  4.4
Fighting       | |  2.0
Armour         | |  0.8
Dodging        | |  1.7
Spellcasting   | |  2.0
Charms         | |  2.6

Action                   |  1- 3 |  4- 6 || total
-------------------------+-------+-------++-------
Melee: Falchion          |    64 |     5 ||    69
 Cast: Infusion          |    10 |       ||    10
  Use: Potion            |     1 |       ||     1
Armor: Leather armour    |    20 |       ||    20
       Ring mail         |     2 |       ||     2
Dodge: Dodged            |    53 |     3 ||    56
       Rpst.: Falchion   |    15 |     1 ||    16

Table legend:
 A = Spawn XP
 B = Non-spawn XP
 C = Spawn XP percentage of total XP
 D = Spawn monster count
 E = Non-spawn monster count
 F = Spawn count percentage of total count
 G = Total turns spent on level
                    A         B        C        D         E        F      G
               +---------+---------+-------+---------+---------+-------+---------
         Total |       0 |     157 |   0.0 |       0 |      20 |   0.0 |  1146
               +---------+---------+-------+---------+---------+-------+---------
           D:1 |       0 |      29 |   0.0 |       0 |      17 |   0.0 |  1095
           D:2 |       0 |     128 |   0.0 |       0 |       3 |   0.0 |    51
               +---------+---------+-------+---------+---------+-------+---------
